 Dungeon Crawl Stone Soup version 0.30-a0-358-g0d69a1922f (webtiles) character file.

Game seed: 6259691785258592105

491 wotkd0121004 the Sneak (level 7, -1/41 HPs)
             Began as an Octopode Earth Elementalist on Nov 8, 2022.
             Slain by a gnoll sergeant
             ... wielding a +0 trident
              (7 damage)
             ... on level 3 of the Dungeon.
             The game lasted 00:06:30 (2591 turns).

wotkd0121004 the Sneak (OpEE)                       Turns: 2591, Time: 00:06:30

Health: -1/41      AC:  1    Str:  7    XL:     7   Next: 14%
Magic:  8/12       EV: 14    Int: 20    God:
Gold:   127        SH:  0    Dex: 12    Spells: 11/12 levels left

rFire   + . .      SeeInvis .    k - +1 rapier (drain)
rCold   . . .      Faith    .    (no shield)
rNeg    + . .      Spirit   .    (helmet restricted)
rPois   .          Reflect  .    (no amulet)
rElec   .          Harm     .    f - ring of positive energy
rCorr   .          Rampage  .    r - ring of protection from fire
Will    .....                    (no ring)
Stlth   +++++.....               (no ring)
HPRegen 0.26/turn                (no ring)
MPRegen 0.13/turn                (no ring)
                                 (no ring)
                                 (no ring)

@: no status effects
A: almost no armour, amphibious, 8 rings, camouflage 1, gelatinous body 1,
nimble swimmer 1, tentacles
a: no special abilities


You were on level 3 of the Dungeon.
You visited 1 branch of the dungeon, and saw 3 of its levels.

You collected 127 gold pieces.

Inventory:

Hand Weapons
 k - a +1 rapier of draining (weapon)
Magical Staves
 e - a staff of cold
Jewellery
 f - a ring of positive energy (left tentacle)
 r - a ring of protection from fire (right tentacle)
Scrolls
 d - a scroll of magic mapping {unknown}
 h - a scroll of teleportation
 i - a scroll of summoning {unknown}
 j - 2 scrolls of vulnerability {unknown}
 l - a scroll of noise {unknown}
 m - a scroll of enchant armour {unknown}
 t - 2 scrolls of fog {unknown}
Potions
 a - a potion of magic
 c - a potion of cancellation
 g - 4 potions of flight
 n - a potion of lignification
 p - 2 potions of degeneration {unknown}
 q - a potion of attraction {unknown}


   Skills:
 + Level 3.7 Dodging
 + Level 5.3 Stealth
 + Level 3.4 Spellcasting
 + Level 3.2 Transmutations
 + Level 4.3 Earth Magic


You had 11 spell levels left.
You knew the following spells:

 Your Spells              Type           Power      Damage    Failure   Level
a - Sandblast             Erth           40%        2d10      2%          1

Your spell library contained the following spells:

 Spells                   Type           Power      Damage    Failure   Level
 Passwall                 Tmut/Erth      15%        N/A       4%          2
 Kiss of Death            Conj/Necr      12%        2d6       14%         1
 Stone Arrow              Conj/Erth      24%        3d8       17%         3
 Petrify                  Tmut/Erth      18%        N/A       28%         4
 Confusing Touch          Hex            3%         N/A       38%         3
 Dispel Undead            Necr           3%         3d7       80%         4
 Summon Ice Beast         Ice/Summ       3%         N/A       80%         4
 Summon Mana Viper        Hex/Summ       3%         N/A       98%         5
 Monstrous Menagerie      Summ           1%         N/A       100%        7


Dungeon Overview and Level Annotations

Branches:
Dungeon (3/15)

Altars:
Nemelex Xobeh
Xom

Shops:
D:1 (   D:2 (((


Innate Abilities, Weirdness & Mutations

You cannot wear most types of armour.
You are amphibious.
You can wear up to eight rings at the same time.
Your skin changes colour to match your surroundings (Stealth+).
Your rubbery body absorbs attacks. (AC +1, EV +1)
You are camouflaged when in or above water. (Stealth+)
You have tentacles for arms and can constrict up to eight enemies at once.


Message History

The gnoll sergeant blocks the blast of sand.
The gnoll sergeant shouts!
The gnoll sergeant barely misses you.
Casting: Sandblast (safe; 2% risk of failure)
Confirm with . or Enter, or press ? or * to list all spells.
Aiming: Sandblast (safe; 2% risk of failure)
Press: ? - help, Shift-Dir - straight line, f/p - gnoll sergeant
Aim: a gnoll sergeant, wielding a +0 trident, wearing a +0 scale mail and wearing a +0 buckler (87% to hit)
The blast of sand hits the gnoll sergeant.
The gnoll sergeant is lightly wounded.
The gnoll sergeant hits you from afar with a +0 trident!
The gnoll sergeant barely misses you.
Casting: Sandblast (safe; 2% risk of failure)
Confirm with . or Enter, or press ? or * to list all spells.
Aiming: Sandblast (safe; 2% risk of failure)
Press: ? - help, Shift-Dir - straight line, f/p - gnoll sergeant
Aim: a gnoll sergeant, wielding a +0 trident, wearing a +0 scale mail and wearing a +0 buckler (lightly wounded, 87% to hit)
The blast of sand hits the gnoll sergeant.
The gnoll sergeant is lightly wounded.
The gnoll sergeant closely misses you.
Casting: Sandblast (safe; 2% risk of failure)
Confirm with . or Enter, or press ? or * to list all spells.
Aiming: Sandblast (safe; 2% risk of failure)
Press: ? - help, Shift-Dir - straight line, f/p - gnoll sergeant
Aim: a gnoll sergeant, wielding a +0 trident, wearing a +0 scale mail and wearing a +0 buckler (lightly wounded, 87% to hit)
The blast of sand hits the gnoll sergeant but does no damage.
The gnoll sergeant is lightly wounded.
The gnoll shouts!
You hear a shout!
The gnoll sergeant closely misses you.
The gnoll sergeant hits you from afar with a +0 trident!
* * * LOW HITPOINT WARNING * * *
Casting: Sandblast (safe; 2% risk of failure)
Confirm with . or Enter, or press ? or * to list all spells.
Aiming: Sandblast (safe; 2% risk of failure)
Press: ? - help, Shift-Dir - straight line, f/p - gnoll sergeant
Aim: a gnoll sergeant, wielding a +0 trident, wearing a +0 scale mail and wearing a +0 buckler (lightly wounded, 87% to hit)
The blast of sand hits the gnoll sergeant but does no damage.
The gnoll sergeant is lightly wounded.
The gnoll sergeant hits you from afar with a +0 trident!
You die...

#################'# ##.#.~
.....')...)).)....# .#o#)~
.....#..).#..)....# ..#.~ g..
#..!g#.......# #'###
###########''''#############...#
...........................#...#
≈~~~~~~~)~)~...g~~~~~~~≈~~~~#####
≈≈≈≈≈~≈≈≈≈≈≈....~≈≈≈≈≈≈~~≈≈≈≈≈≈≈≈
~~~~~~~~~~~~....@~~~≈≈≈≈~~≈~~~~≈≈
..........)...........)..........
.#####.#).)....#########.########
#.#)####### #.# #.#.######### #.#
#.))).......# #.# #...#######.#
#.# #...# #<# #.# #...# #.# #.#


You could see a gnoll sergeant and a gnoll.

Vanquished Creatures
  A howler monkey (D:3)
  3 hounds (D:3)
  2 orc priests (D:3)
  3 orc wizards (D:3)
  2 adders (D:3)
  10 gnolls
  2 dart slugs (D:1)
  A worm (D:3)
  19 orcs (D:3)
  4 bats
  12 endoplasms
  3 giant cockroaches
  3 goblins
  4 hobgoblins
  9 jackals (D:3)
  9 kobolds
  4 quokkas
  3 ball pythons
  A frilled lizard (D:3)
  3 rats
98 creatures vanquished.

Notes
Turn   | Place    | Note
-------+----------+-------------------------------------------
     0 | D:1      | wotkd0121004 the Octopode Earth Elementalist began the
                  | quest for the Orb.
     0 | D:1      | Reached XP level 1. HP: 11/11 MP: 3/3
     8 | D:1      | Found Zuhusk's Weapon Shop.
    14 | D:1      | Reached skill level 3 in Stealth
    14 | D:1      | Reached XP level 2. HP: 17/17 MP: 0/5
   223 | D:1      | Reached XP level 3. HP: 21/21 MP: 0/6
   609 | D:2      | Found Ocegean's Antique Weapon Shoppe.
   683 | D:2      | Found Moes's Antique Weapon Emporium.
   923 | D:2      | Found a sparkling altar of Nemelex Xobeh.
   953 | D:2      | Found Arij's Weapon Emporium.
  1307 | D:3      | Reached XP level 4. HP: 27/27 MP: 4/7
  1438 | D:3      | Reached skill level 4 in Stealth
  1438 | D:3      | Reached XP level 5. HP: 26/31 MP: 2/9
  1635 | D:3      | Reached XP level 6. HP: 36/36 MP: 6/10
  1885 | D:3      | Found a shimmering altar of Xom.
  2196 | D:3      | Reached skill level 5 in Stealth
  2379 | D:3      | Reached XP level 7. HP: 14/41 MP: 8/12
  2591 | D:3      | Slain by a gnoll sergeant

Illustrated notes

Levels and vault maps discovered:
D:1:      giann_horns, layout_rooms, serial_shops, shop
D:2:      layout_basic, serial_shops, nicolae_shop_bloodbath_and_beyond,
          nicolae_shop_crystal, nicolae_shop_crystal, basic_altar
D:3:      lemuel_castle_with_subvaults [lemuel_castle_interior_carwin_3],
          layout_loops_ring, nicolae_overflow_crystal_walls,
          mainiacjoe_overflow_alcove_2

Skill      XL: |  1  2  3  4  5  6 |
---------------+-------------------+-----
Stealth        | 3 4 5 |  5.3
Transmutations | 2 3 |  3.2
Dodging        | 3 |  3.7
Spellcasting   | 3 |  3.4
Earth Magic    | 4 |  4.3

Action                   |  1- 3 |  4- 6 |  7- 9 || total
-------------------------+-------+-------+-------++-------
Melee: Unarmed           |     6 |       |       ||     6
       Dagger            |    33 |    19 |       ||    52
       Constrict         |     9 |    15 |     1 ||    25
       Tentacles         |     8 |    12 |     3 ||    23
       Rapier            |       |    29 |     6 ||    35
       Punch             |       |     2 |       ||     2
 Cast: Sandblast         |    30 |    74 |    20 ||   124
  Use: Scroll            |     5 |     1 |       ||     6
       Potion            |     1 |     1 |       ||     2
 Stab: Sleeping          |     5 |     3 |       ||     8
Armor: Skin              |     4 |     1 |     1 ||     6
Dodge: Dodged            |    20 |    63 |     9 ||    92

Table legend: (Time is in decaauts)
 A = Elapsed time spent in this place.
 B = Non-inter-level travel time spent in this place.
 C = Inter-level travel time spent in this place.
 D = Time resting spent in this place.
 E = Time spent auto-exploring this place.
 F = Levels seen in this place.
 G = Mean time per level.
                   A        B        C        D        E       F      G
               +--------+--------+--------+--------+--------+-----+--------+
         Total |   2657 |   2620 |     37 |    345 |   1713 |   3 |  885.7 |
       Dungeon |   2657 |   2620 |     37 |    345 |   1713 |   3 |  885.7 |
               +--------+--------+--------+--------+--------+-----+--------+

Top non-repeatable levels by time:
     D:3: 1365 daAuts
     D:2: 700 daAuts
     D:1: 591 daAuts
